 Dungeon Crawl Stone Soup version 0.21-a0-538-gd16b88a (webtiles) character file.

5 robertstho the Digger (level 1, 0/10 HPs)
             Began as a Gargoyle Earth Elementalist on Dec 15, 2017.
             Slain by a jackal (1 damage)
             ... on level 1 of the Dungeon on Dec 16, 2017.
             The game lasted 00:02:29 (154 turns).

robertstho the Digger (Gargoyle Earth Elementalist)  Turns: 154, Time: 00:02:29

Health: 0/10       AC:  5    Str: 11    XL:     1   Next: 80%
Magic:  2/3        EV: 12    Int: 15    God:
Gold:   0          SH:  0    Dex: 10    Spells: 3/4 levels left

rFire    . . .     SeeInvis .   j - +0 short sword
rCold    . . .     Gourm    .   (no shield)
rNeg     + . .     Faith    .   c - +0 robe
rPois    ∞         Spirit   .   (no helmet)
rElec    +         Reflect  .   (no cloak)
rCorr    .         Harm     .   f - +0 pair of gloves
MR       .....                  (no boots)
Stlth    ++........             (no amulet)
HPRegen  0.03/turn              (no ring)
MPRegen  0.08/turn              (no ring)

@: no status effects
A: negative energy resistance 1, electricity resistance, unbreathing,
petrification resistance, rot immunity, AC +2
a: no special abilities


You were on level 1 of the Dungeon.
You were not hungry.

You visited 1 branch of the dungeon, and saw 1 of its levels.

Inventory:

Hand Weapons
 j - a +0 short sword (weapon)
Missiles
 a - 18 sling bullets
 b - 38 stones (quivered)
 i - 18 poisoned needles
Armour
 c - a +0 robe (worn)
 f - a +0 pair of gloves (worn)
Books
 e - a book of Geomancy

   Spells                             Type                      Level
   a - Sandblast                      Earth                        1
   b - Passwall                       Transmutation/Earth          2
   c - Stone Arrow                    Conjuration/Earth            3
   d - Petrify                        Transmutation/Earth          4
   e - Lee's Rapid Deconstruction     Earth                        5
Comestibles
 d - a bread ration
 g - a royal jelly


   Skills:
 + Level 1.6 Dodging
 + Level 2.2 Stealth
 * Level 2.1 Spellcasting
   Level 0.7 Transmutations
 * Level 3.9 Earth Magic


You had 3 spell levels left.
You knew the following spells:

 Your Spells              Type           Power        Failure   Level  Hunger
a - Sandblast             Erth           ##....       4%          1    #......


Dungeon Overview and Level Annotations

Branches:
Dungeon (1/15)

Altars:


Innate Abilities, Weirdness & Mutations

You are resistant to torment.
Your stone body is resilient. (AC +2)
You are immune to poison.
You resist negative energy. (rN+)
You are resistant to electric shocks. (rElec)
You can survive without breathing.
You are immune to petrification.
You are immune to rotting.


Message History

Forget which spell ([?*] list [ESC] exit)?
Forget which spell ([?*] list [ESC] exit)?
Okay, then.
The jackal bites you.
You aren't carrying any potions.
The jackal misses you. The jackal completely misses you.
The jackal bites you but does no damage.
The jackal bites you.
* * * LOW HITPOINT WARNING * * *
The jackal bites you but does no damage.
The giant cockroach bites you but does no damage.
The jackal barely misses you. The giant cockroach barely misses you.
The teleport trap disappears.
The jackal disappears!
The jackal bites you.
* * * LOW HITPOINT WARNING * * *
The jackal closely misses you. The jackal closely misses you.
The jackal bites you.
You die...

#.##.# #.........#
#.##.####...######
#.##h......##
#######.#h.####..####
...........# #.#......
......#h##.# #.#.#####
......#r##.####...#
###..............## #
#####.##......@# ##.#
#.######..h###...##.
#Jh........h........
#####.######.s..###
######.............#
##....h.)........##...#
###..####..r.J.....#
#.#
#...#####..........# .
#..................#


You could see 3 jackals.

Vanquished Creatures
  A dart slug (D:1)
  A bat (D:1)
  A jackal (D:1)
3 creatures vanquished.

Notes
Turn   | Place    | Note
-------+----------+-------------------------------------------
     0 | D:1      | robertstho the Gargoyle Earth Elementalist began the quest for the Orb.
     0 | D:1      | Reached XP level 1. HP: 10/10 MP: 3/3
   154 | D:1      | Slain by a jackal

Vault maps used:
D:1:      dpeg_arrival_brainrot

Action                   || total
-------------------------++-------
 Cast: Sandblast         ||     6
  Use: Scroll            ||     1
Armor: Robe              ||    14
Dodge: Dodged            ||    21

Table legend:
 A = Spawn XP
 B = Non-spawn XP
 C = Spawn XP percentage of total XP
 D = Spawn monster count
 E = Non-spawn monster count
 F = Spawn count percentage of total count
 G = Total turns spent on level
                    A         B        C        D         E        F      G
               +---------+---------+-------+---------+---------+-------+---------
         Total |       0 |       8 |   0.0 |       0 |       3 |   0.0 |   154
               +---------+---------+-------+---------+---------+-------+---------
           D:1 |       0 |       8 |   0.0 |       0 |       3 |   0.0 |   154
               +---------+---------+-------+---------+---------+-------+---------
